 Dungeon Crawl Stone Soup version 0.23.2-1-ga50397a (webtiles) character file.

Game seed: 5451686545586883593

53 MaxwellSilver the Skirmisher (level 3, 0/42 HPs)
             Began as an Ogre Gladiator on May 22, 2019.
             Killed from afar by Sigmund (5 damage)
             ... with a magic dart
             ... on level 2 of the Dungeon.
             The game lasted 00:03:23 (2241 turns).

MaxwellSilver the Skirmisher (Ogre Gladiator)       Turns: 2241, Time: 00:03:23

Health: 0/42       AC:  3    Str: 19    XL:     3   Next: 89%
Magic:  3/3        EV: 10    Int:  9    God:
Gold:   71         SH:  0    Dex: 10    Spells: 2/2 levels left

rFire    . . .     SeeInvis .   a - +0 flail
rCold    . . .     Gourm    .   (no shield)
rNeg     . . .     Faith    .   b - +0 robe
rPois    .         Spirit   .   c - +0 hat
rElec    .         Reflect  .   (no cloak)
rCorr    .         Harm     .   (gloves unavailable)
MR       .....                  (boots unavailable)
Stlth    +.........             (no amulet)
HPRegen  0.14/turn              (no ring)
MPRegen  0.08/turn              (no ring)

@: confused
A: large, unfitting armour, tough skin 1
a: no special abilities


You were on level 2 of the Dungeon.
You were not hungry.

You visited 1 branch of the dungeon, and saw 2 of its levels.

You collected 71 gold pieces.

Inventory:

Hand Weapons
 a - a +0 flail (weapon)
Missiles
 d - 3 throwing nets (quivered)
Armour
 b - a +0 robe (worn)
 c - a +0 hat (worn)
Scrolls
 e - a scroll of immolation {unknown}
 g - 2 scrolls of amnesia {unknown}
 i - 4 scrolls of teleportation {unknown}
 j - 2 scrolls of remove curse {unknown}
 k - a scroll of enchant weapon {unknown}
 l - a scroll of fear {unknown}
Potions
 h - 2 potions of curing
 m - a potion of magic {unknown}
Comestibles
 f - a ration


   Skills:
 + Level 5.4 Fighting
 - Level 2.6 Maces & Flails
 - Level 2.0 Throwing
 - Level 2.6 Dodging


You had 2 spell levels left.
You didn't know any spells.
Your spell library was empty.

Dungeon Overview and Level Annotations

Branches:
Dungeon (2/15)

Altars:
Hepliaklqana
Nemelex Xobeh
Okawaru
The Shining One

Annotations:
D:2 Sigmund


Innate Abilities, Weirdness & Mutations

You are too large for most types of armour.
You have tough skin. (AC +1)


Message History

You are too injured to fight recklessly!
You are too injured to fight recklessly!
You are too injured to fight recklessly!
You are too injured to fight recklessly!
You are too injured to fight recklessly!
You closely miss Sigmund.
Sigmund is heavily wounded.
You closely miss Sigmund.
Sigmund is heavily wounded.
Sigmund gestures at you while chanting.
You are confused.
Sigmund barely misses you.
You miss Sigmund.
Sigmund is heavily wounded.
You're too confused to move!
Sigmund hits you with a +0 scythe!
* * * LOW HITPOINT WARNING * * *
You bump into the rock wall.
Sigmund casts a spell at you. The magic dart hits you.
You die...

#....(..#.......#.##.#####
#.......####.##.#.##)#####
#.......# #.##.#.#.......
###.....## #......#..####.
##.##...#####..##.###..###..
##.#.......##.............#..
##.###.#.##.#..####.###.##.#.†
##.## #...##.@#.####.#
#.##.... #<## #.#.....@...##.#
#....... ##.##
#...#..##.#.##.# ########
####..###......##.#.##.#
#......#...............#
#.##.##.#...####.##.##.#
#.##.####...# #.##.##.#
#.##........# #.##..#.#
#.#######.... #.###.#.#
...#### #..@.. #.###.#.#


You could see Sigmund.

Vanquished Creatures
  An adder (D:2)
  An ooze (D:2)
  A worm (D:2)
  2 leopard geckos (D:1)
  3 giant cockroaches (D:1)
  4 goblins (D:1)
  5 hobgoblins
  6 kobolds
  A quokka (D:2)
  2 bats
  6 frilled lizards
  4 rats
36 creatures vanquished.

Notes
Turn   | Place    | Note
-------+----------+-------------------------------------------
     0 | D:1      | MaxwellSilver the Ogre Gladiator began the quest for the
                  | Orb.
     0 | D:1      | Reached XP level 1. HP: 22/22 MP: 1/1
   117 | D:1      | HP: 1/22 [goblin (3)]
   118 | D:1      | Reached skill level 3 in Fighting
   447 | D:1      | Reached XP level 2. HP: 16/31 MP: 2/2
   714 | D:1      | Reached skill level 4 in Fighting
  1004 | D:1      | Reached XP level 3. HP: 25/40 MP: 3/3
  1396 | D:2      | Found a glowing golden altar of the Shining One.
  1473 | D:2      | Found a hazy altar of Hepliaklqana.
  1550 | D:2      | Found a sparkling altar of Nemelex Xobeh.
  1583 | D:2      | Reached skill level 5 in Fighting
  1996 | D:2      | Found an iron altar of Okawaru.
  2202 | D:2      | Noticed Sigmund
  2241 | D:2      | Killed from afar by Sigmund

Skill      XL: |  1  2  3 |
---------------+----------+-----
Fighting       | 3 4 5 |  5.4
Maces & Flails | |  2.6
Throwing       | |  2.0
Dodging        | |  2.6

Action                   || total
-------------------------++-------
Melee: Flail             ||   163
  Use: Potion            ||     2
  Eat: Ration            ||     1
       Chunk             ||     1
Armor: Robe              ||    48
       Skin              ||     6
Dodge: Dodged            ||   107
